 Dungeon Crawl Stone Soup version 0.13.0-9-gbc74161 (webtiles) character file.

120 Malachi the Skirmisher (level 2, -2/28 HPs)
             Began as a Naga Fighter on Oct 17, 2013.
             Slain by a hound (3 damage)
             ... on Level 2 of the Dungeon.
             The game lasted 00:01:09 (1147 turns).

Malachi the Skirmisher (Naga Fighter)               Turns: 1147, Time: 00:01:09

HP  -2/28        AC  4     Str 18      XL: 2   Next: 83%
MP   1/1         EV  4     Int  8      God:
Gold 99          SH 17     Dex 10      Spells:  0 memorised,  1 level left

Res.Fire  : . . .   See Invis. : +   f - +0 mace
Res.Cold  : . . .   Warding    : .   b - +0 scale mail
Life Prot.: . . .   Conserve   : .   c - +0 shield
Res.Poison: +       Res.Corr.  : .   (no helmet)
Res.Elec. : .       Clarity    : .   (no cloak)
Sust.Abil.: . .     Spirit.Shd : .   (no gloves)
Res.Mut.  : .       Stasis     : .   (no barding)
Res.Rott. : .       Flight     : .   (no amulet)
Saprovore : . . .                    (no ring)
                                     (no ring)

@: short of breath, very slow, slightly resistant to hostile enchantments,
extremely unstealthy
A: spit poison, see invisible, deformed body, poison resistance, slowness 2
a: Spit Poison


You were on level 2 of the Dungeon.
You were hungry.

You visited 1 branch of the dungeon, and saw 2 of its levels.

You collected 79 gold pieces.

Inventory:

Hand weapons
 a - a +0,+0 mace
 f - a +0,+0 mace (weapon)
Armour
 b - a +0 scale mail (worn)
 c - a +0 shield (worn)
Comestibles
 d - a bread ration
 i - an apple
 m - 2 pears
Scrolls
 g - 2 scrolls of identify {unknown}
 h - a scroll of fear {unknown}
 k - a scroll of enchant weapon I {unknown}
 l - a scroll of curse weapon {unknown}
 n - a scroll of teleportation {unknown}
 o - a scroll of enchant weapon II {unknown}
 p - a scroll of fog {unknown}
 q - a scroll of magic mapping {unknown}
 r - a scroll of blinking {unknown}
Potions
 e - a potion of beneficial mutation {unknown}
 j - a potion of curing {unknown}


   Skills:
 - Level 3.0 Fighting
 * Level 3.0 Maces & Flails
 - Level 2.4 Armour
 + Level 0.2 Dodging
 + Level 0.9 Stealth
 - Level 2.4 Shields


You had one spell level left.
You didn't know any spells.

Dungeon Overview and Level Annotations

Branches:
Dungeon (2/27)

Altars:
Makhleb


Innate Abilities, Weirdness & Mutations

You cannot wear boots.
You can spit poison.
You have supernaturally acute eyesight.
Armour fits poorly on your strangely shaped body.
Your system is resistant to poisons.
You cover ground very slowly.


Message History

Your shield and scale mail prevent you from hitting the hound.
The hound is almost dead.
You block the bat's attack. The hound bites you. You block the hound's attack.
You closely miss the hound.
The hound is almost dead.
The bat completely misses you. The hound bites you.
* * * LOW HITPOINT WARNING * * *
You block the bat's attack. The hound bites you.
* * * LOW HITPOINT WARNING * * *
You are too injured to fight recklessly!
You are too injured to fight recklessly!
Use which ability? (? or * to list)
Press: ? - help, Shift-Dir - straight line, f - hound
Aim: a hound (almost dead, bleeding)
The splash of poison misses the hound.
You feel slightly more hungry. The bat hits you but does no damage.
The hound bites you but does no damage.
Your shield and scale mail prevent you from hitting the hound.
The hound is almost dead.
The bat hits you but does no damage. The hound bites you.
You die...

... #.# .# ... .. .## ...
_. ..# #.# . ..# ### #.#
.#..#
..####.#########...#
.......##..........#
..##............h.?######
####....#.#.....@.......#
#......#.....b..####.#
##..<###.#####.##
#.#...... .# ......... .#
.#.##..#... .# #.#.#
..#... .. # #.. ..... ..
### . .


You could see a hound (bleeding) and a bat.

Vanquished Creatures
  A giant gecko (D:1)
  An ooze (D:1)
  5 goblins
  2 hobgoblins
  A ball python (D:1)
  2 bats
  4 giant cockroaches
  A giant newt (D:1)
  A rat (D:1)
18 creatures vanquished.

Notes
Turn   | Place    | Note
--------------------------------------------------------------
     0 | D:1      | Malachi, the Naga Fighter, began the quest for the Orb.
     0 | D:1      | Reached XP level 1. HP: 21/21 MP: 0/0
   217 | D:1      | Reached XP level 2. HP: 22/28 MP: 1/1
  1132 | D:2      | Found a burning altar of Makhleb.
  1145 | D:2      | HP: 1/28 [hound (5)]
  1147 | D:2      | Slain by a hound

Action                   || total
-------------------------++-------
Melee: Mace              ||    85
 Abil: Spit Poison       ||     1
